 Dungeon Crawl Stone Soup version 0.28-a0-925-gd5e1996cdb (webtiles) character file.

Game seed: 18038283921307957618

6396 porpoise the Thaumaturge (level 10, -1/59 HPs)
             Began as a Deep Elf Conjurer on Nov 27, 2021.
             Was a Follower of Vehumet.
             Slain by an orc knight (18 damage)
             ... in a bailey.
             The game lasted 00:54:42 (11869 turns).

porpoise the Thaumaturge (Deep Elf Conjurer)       Turns: 11869, Time: 00:54:43

Health: -1/59      AC:  8    Str: 11    XL:     10   Next: 66%
Magic:  13/28      EV: 12    Int: 38    God:    Vehumet [*.....]
Gold:   407        SH:  0    Dex:  9    Spells: 17/33 levels left

rFire   + . .      SeeInvis +   b - +1 hunting sling
rCold   . . .      Faith    .   (no shield)
rNeg    + . .      Spirit   .   z - +1 robe
rPois   +          Reflect  .   f - +2 helmet
rElec   +          Harm     .   C - scarf {repulsion}
rCorr   .          Rampage  .   l - +0 pair of gloves
Will    +....                   F - +0 pair of boots
Stlth   ++++......              (no amulet)
HPRegen 0.19/turn               c - ring "Ecioz" {Drain rElec rPois rF++ Int+9}
MPRegen 0.21/turn               G - ring of Atag Woo {rF- rN+ Str+5 Int+4 Dex-4 SInv}

@: repel missiles
A: no striking features
a: Renounce Religion


You were in a bailey.
You worshipped Vehumet.
Vehumet was aware of your devotion.
You visited 2 branches of the dungeon, and saw 10 of its levels.
You also visited: Bailey.

You collected 428 gold pieces.
You spent 21 gold pieces at shops.

Inventory:

Hand Weapons
 a - a +3 dagger of venom
 b - a +1 hunting sling (weapon)
 H - a +4 dagger of freezing
Missiles
 o - 355 stones (quivered ammo)
 r - 36 poisoned darts
 v - 3 boomerangs
 x - 54 sling bullets
 y - 2 throwing nets
Armour
 f - a +2 helmet (worn)
 l - a +0 pair of gloves (worn)
 m - a +0 cloak
 z - a +1 robe (worn)
 C - a scarf of repulsion (worn)
 F - a +0 pair of boots (worn)
Magical Staves
 w - a staff of cold
Jewellery
 c - the ring "Ecioz" (left hand) {Drain rElec rPois rF++ Int+9}
   (You acquired it on level 6 of the Dungeon)

   [ring of poison resistance]

   Int:       It affects your intelligence (+9).
   rF:        It greatly protects you from fire.
   rElec:     It insulates you from electricity.
   rPois:     It protects you from poison.
   Drain:     It drains your maximum health when unequipped.
 i - a ring of flight
 G - the ring of Atag Woo (right hand) {rF- rN+ Str+5 Int+4 Dex-4 SInv}
   (You acquired it on level 8 of the Dungeon)

   [ring of see invisible]

   Str:       It affects your strength (+5).
   Int:       It affects your intelligence (+4).
   Dex:       It affects your dexterity (-4).
   rF:        It makes you vulnerable to fire.
   rN:        It protects you from negative energy.
   SInv:      It lets you see invisible.
Wands
 q - a wand of mindburst (7)
 A - a wand of acid (8)
 E - a wand of paralysis (9)
Scrolls
 g - 2 scrolls of identify
 h - a scroll of teleportation
 j - a scroll of noise {unknown}
 s - 3 scrolls of magic mapping
 u - a scroll of fear
Potions
 d - 2 potions of attraction
 e - 2 potions of heal wounds
 k - 2 potions of might
 n - a potion of mutation
 p - 2 potions of haste
 t - 3 potions of lignification
 D - 2 potions of curing


   Skills:
 - Level 5.0 Fighting
 + Level 3.1 Dodging
 - Level 9.0 Stealth
 - Level 12.0 Spellcasting
 - Level 7.0 Conjurations
 + Level 7.3 Hexes
 - Level 5.0 Summonings
 - Level 5.0 Translocations


You had 17 spell levels left.
You knew the following spells:

 Your Spells              Type           Power      Damage    Failure   Level
a - Magic Dart            Conj           100%       1d8       1%          1
b - Searing Ray           Conj           100%       2d8       1%          2
c - Fulminant Prism       Conj/Hex       33%        3d16      1%          4
d - Iskenderun's Mystic   Conj/Tloc      62%        2d13      1%          4
g - Summon Guardian Gole  Hex/Summ       62%        N/A       1%          3
k - Blink                 Tloc           100%       N/A       1%          2

Your spell library contained the following spells:

 Spells                   Type           Power      Damage    Failure   Level
 Shock                    Conj/Air       100%       1d9       1%          1
 Summon Small Mammal      Summ           100%       N/A       1%          1
 Call Imp                 Summ           57%        N/A       1%          2
 Ensorcelled Hibernation  Hex/Ice        100%       N/A       1%          2
 Call Canine Familiar     Summ           57%        N/A       1%          3
 Dazzling Flash           Conj/Hex       100%       N/A       1%          3
 Gell's Gravitas          Tloc           57%        N/A       1%          3
 Lesser Beckoning         Tloc           57%        N/A       1%          3
 Mephitic Cloud           Conj/Pois/Air  40%        N/A       1%          3
 Ozocubu's Armour         Ice            22%        N/A       4%          3
 Spider Form              Tmut/Pois      22%        N/A       4%          3
 Summon Lightning Spire   Summ/Air       41%        N/A       6%          4
 Manifold Assault         Tloc           57%        N/A       6%          5
 Dispersal                Tloc           28%        N/A       32%         6
 Ozocubu's Refrigeration  Ice            11%        4d7       100%        7
 Disjunction              Tloc           28%        N/A       100%        8


Dungeon Overview and Level Annotations

Branches:
Dungeon (9/15)             Temple (1/1) D:6          Bailey (1/1)
   Lair: D:8-11         Orc: D:9-12

Altars:
Ashenzari
Cheibriados
Dithmenos
Elyvilon
Fedhas
Gozag
Hepliaklqana
Kikubaaqudgha
Makhleb
Nemelex Xobeh
Okawaru
Qazlal
Ru
Sif Muna
Trog
Uskayaw
Vehumet
Wu Jian
Xom
Yredelemnul
Zin
The Shining One

Shops:
D:3 (


Message History

An orc knight comes into view. It is wielding a +0 glaive.
Unknown command.
The searing ray hits the orc.
You kill the orc!
Vehumet accepts your kill. What are your orders? t - Shout!
Orders for allies: a - Attack new target. r - Retreat! s - Stop attacking. g - Guard the area. f - Follow me.
Anything else - Cancel.
Gang up on whom?
Press: ? - help, Dir - move target, f - orc knight
Aim: an orc knight, wielding a +0 glaive and wearing a +0 scale mail (strong) Attack!
An orc knight comes into view. It is wielding a +0 glaive.
You are confused.
You feel invigorated.
Your guardian golem disappears in a puff of smoke!
The orc knight roars a battlecry!
You feel less invigorated.
You feel less confused.
Casting: Searing Ray (safe; 1% risk of failure)
Confirm with . or Enter, or press ? or * to list all spells.
A guardian golem appears, shielding your allies.
The orc knight no longer looks unusually strong.
An orc warrior comes into view. It is wielding a +0 halberd.
The orc knight hits you from afar with a +0 glaive!!
Casting: Summon Guardian Golem (safe; 1% risk of failure)
Confirm with . or Enter, or press ? or * to list all spells.
Really blast near your guardian golem?
Okay, then.
The orc knight no longer looks unusually strong.
The orc knight hits you from afar with a +0 glaive!
* * * LOW HITPOINT WARNING * * *
The orc knight roars a battlecry!
The orc knight goes into a battle-frenzy!
The orc warrior hits you but does no damage.
The orc knight hits you from afar with a +0 glaive!!
You die...

### ###### ##∩##
####
#.o...##.9.##....
..≈≈≈..#@.o#..≈≈≈
.≈≈.≈≈.)..oo.≈≈o≈
.≈.∩)≈......)≈oo
o≈≈)≈≈.).....≈≈.
..≈≈≈..#...#..≈≈
#.....##.∩.##...
###### ##∩## ###
###


You could see 3 orc knights, 3 orc warriors and a friendly guardian golem
(summoned).

Vanquished Creatures
  Pikel (D:7)
  An orc knight (Bailey)
  Joseph (D:7)
  Maurice (D:8)
  Sigmund (D:2)
  3 wraiths (D:8)
  A wyvern (D:8)
  3 water moccasins
  2 hornet zombies
  An ice beast (D:4)
  7 orc warriors
  2 ogres
  3 necrophages
  A centaur (D:6)
  3 lemures (D:7)
  A phantom (D:7)
  2 kobold brigands (D:7)
  A bullfrog (D:8)
  A water moccasin skeleton (D:4)
  5 wights (D:9)
  8 killer bees
  3 electric eels (D:8)
  2 hounds
  2 jellies
  A centaur skeleton (D:5)
  A bullfrog skeleton (D:5)
  5 iguanas (D:4)
  4 orc wizards
  A hound zombie (D:3)
  Robin (D:2)
  3 gnolls (D:5)
  11 adders
  A shadow imp (D:7)
  3 white imps
  An adder skeleton (D:4)
  A worm (D:2)
  A dart slug (D:4)
  18 orcs
  7 ball pythons
  5 bats
  13 endoplasms
  3 giant cockroaches (D:1)
  11 goblins
  6 hobgoblins
  6 jackals
  6 quokkas
  5 frilled lizards
  20 kobolds
  A quokka skeleton (D:4)
  4 rats
195 creatures vanquished.

Vanquished Creatures (others)
  A skeletal warrior (D:8)
  A wraith (D:8)
  An orc (D:8)
  24 fulminant prisms
  4 plants
31 creatures vanquished.

Grand Total: 226 creatures vanquished

Notes
Turn   | Place    | Note
-------+----------+-------------------------------------------
     0 | D:1      | porpoise the Deep Elf Conjurer began the quest for the Orb.
     0 | D:1      | Reached XP level 1. HP: 10/10 MP: 6/6
   360 | D:1      | Reached XP level 2. HP: 15/15 MP: 2/8
   368 | D:1      | Learned a level 2 spell: Searing Ray
   590 | D:1      | Found a faded altar of an unknown god.
   971 | D:1      | Reached skill level 4 in Spellcasting
  1131 | D:1      | Reached skill level 5 in Conjurations
  1221 | D:1      | Reached XP level 3. HP: 19/19 MP: 6/10
  1768 | D:2      | Reached XP level 4. HP: 24/24 MP: 6/12
  1878 | D:2      | Noticed Robin
  1882 | D:2      | Killed Robin
  2011 | D:2      | Learned a level 4 spell: Fulminant Prism
  2016 | D:2      | Learned a level 4 spell: Iskenderun's Mystic Blast
  2030 | D:2      | Reached skill level 5 in Spellcasting
  2415 | D:2      | Reached skill level 1 in Hexes
  2566 | D:2      | Noticed Sigmund
  2588 | D:2      | Killed Sigmund
  2589 | D:2      | Reached skill level 6 in Spellcasting
  2589 | D:2      | Reached XP level 5. HP: 14/28 MP: 3/15
  2589 | D:2      | Reached XP level 6. HP: 17/32 MP: 3/17
  3087 | D:3      | Found Xoh Myti's Weapon Shoppe.
  3097 | D:3      | Bought a +0 hunting sling for 21 gold pieces
  3706 | D:3      | Found a faded altar of an unknown god.
  3710 | D:3      | Found a sacrificial altar of Ru.
  4141 | D:4      | Reached skill level 7 in Spellcasting
  4200 | D:4      | Reached skill level 5 in Hexes
  4360 | D:4      | Reached XP level 7. HP: 8/36 MP: 10/19
  4788 | D:4      | Reached skill level 1 in Translocations
  5475 | D:5      | Entered Level 5 of the Dungeon
  5635 | D:5      | Reached XP level 8. HP: 40/41 MP: 12/20
  5782 | D:5      | Learned a level 3 spell: Summon Guardian Golem
  6609 | D:6      | Identified a scroll of acquirement
  6609 | D:6      | Acquired the ring "Ecioz" {Drain rElec rPois rF++ Int+9}
  6663 | D:6      | Reached skill level 5 in Translocations
  6830 | D:6      | Reached skill level 1 in Summonings
  7107 | D:6      | Found a staircase to the Ecumenical Temple.
  7251 | D:6      | Got the Tome of Displaced Feathers
  7296 | D:7      | Reached skill level 8 in Spellcasting
  7420 | D:7      | Reached skill level 5 in Stealth
  7545 | D:7      | Reached XP level 9. HP: 45/45 MP: 17/23
  7574 | Temple   | Entered the Ecumenical Temple
  7752 | Temple   | Became a worshipper of Vehumet
  7916 | D:7      | Learned a level 2 spell: Blink
  7976 | D:7      | Noticed Joseph
  7997 | D:7      | Killed Joseph
  7998 | D:7      | Reached skill level 9 in Spellcasting
  8954 | D:7      | Noticed Pikel
  8961 | D:7      | Killed Pikel
  8962 | D:7      | Reached skill level 10 in Spellcasting
  8962 | D:7      | Reached skill level 5 in Summonings
 10121 | D:8      | Reached skill level 1 in Fighting
 10433 | D:8      | Reached skill level 11 in Spellcasting
 10433 | D:8      | Reached XP level 10. HP: 48/54 MP: 6/27
 10629 | D:8      | Noticed Maurice
 10647 | D:8      | Killed Maurice
 11362 | D:8      | Acquired the ring of Atag Woo {rF- rN+ Str+5 Int+4 Dex-4
                  | SInv}
 11462 | D:8      | Found the +5 scythe "Finisher" {speed, eviscerate}
 11467 | D:8      | Noticed a skeletal warrior
 11503 | D:8      | Killed a skeletal warrior
 11832 | D:9      | Found a flagged portal.
 11837 | Bailey   | Entered a bailey
 11837 | Bailey   | Noticed an orc knight
 11842 | Bailey   | Noticed an orc knight
 11843 | Bailey   | Reached skill level 12 in Spellcasting
 11845 | Bailey   | Killed an orc knight
 11848 | Bailey   | Reached * piety under Vehumet
 11848 | Bailey   | Offered knowledge of Shock by Vehumet.
 11849 | Bailey   | Reached skill level 5 in Fighting
 11860 | Bailey   | Noticed an orc knight
 11862 | Bailey   | Noticed an orc knight
 11869 | Bailey   | Slain by an orc knight

Illustrated notes

Levels and vault maps discovered:
D:1:      minmay_arrival_split_and_join, layout_loops_corners,
          hellmonk_ecumenical_altar_inner_sanctum,
          chequers_serial_rivers_micro_d
D:2:      layout_basic, uniq_robin, uniq_sigmund
D:3:      layout_basic, nicolae_overflow_ecumenical_swirl, serial_shops,
          nicolae_shop_advertising_works [nicolae_subvault_shop_adworks],
          minmay_tree_intersection, minmay_shallow_snake_nest
D:4:      layout_rooms
D:5:      layout_cave_pools, serial_glass, glass_columns_a, glass_columns_c,
          glass_columns_b, glass_columns_a, glass_columns_b, glass_columns_a,
          glass_columns_a, glass_columns_a, minmay_door_square
D:6:      layout_gridville, minmay_temple_entry_arrows
D:7:      layout_layer_cave, uniq_pikel, uniq_joseph
D:8:      layout_basic, serial_bayou_ford_a, minmay_guarded_unrand_finisher,
          uniq_maurice
D:9:      layout_loops_corners, enter_bailey_2
Temple:   mainiacjoe_temple_starburst
Bailey:   bailey_polearm_4, bailey

Skill      XL: |  1  2  3  4  5  6  7  8  9 10 |
---------------+-------------------------------+-----
Spellcasting   | 4 6 7 8 11 12 | 12.0
Conjurations   | 5 6 7 |  7.0
Hexes          | 3 6 7 |  7.3
Translocations | 3 5 |  5.0
Stealth        | 5 7 9 |  9.0
Summonings     | 3 5 |  5.0
Fighting       | 2 5 |  5.0
Dodging        | 3 |  3.1

Action                   |  1- 3 |  4- 6 |  7- 9 | 10-12 || total
-------------------------+-------+-------+-------+-------++-------
Melee: Hunting sling     |       |     1 |       |       ||     1
       Short sword       |       |       |     3 |     4 ||     7
 Fire: Hunting sling     |       |     3 |    51 |     4 ||    58
 Cast: Magic Dart        |    53 |    29 |    16 |       ||    98
       Searing Ray       |     7 |    28 |    59 |    10 ||   104
       Fulminant Prism   |       |     1 |    14 |     9 ||    24
       Iskenderun's Myst |       |       |    12 |     8 ||    20
       Summon Guardian G |       |       |     5 |     7 ||    12
       Blink             |       |       |     1 |       ||     1
Evoke: Wand              |       |       |     1 |     1 ||     2
  Use: Potion            |       |     3 |       |     1 ||     4
       Scroll            |       |       |    14 |     3 ||    17
Armor: Robe              |     1 |     8 |    24 |     5 ||    38
Dodge: Dodged            |     4 |    10 |    45 |    10 ||    69
       Repelled          |       |       |       |     1 ||     1

Table legend: (Time is in decaauts)
 A = Elapsed time spent in this place.
 B = Non-inter-level travel time spent in this place.
 C = Inter-level travel time spent in this place.
 D = Time resting spent in this place.
 E = Time spent auto-exploring this place.
 F = Levels seen in this place.
 G = Mean time per level.
                   A        B        C        D        E       F      G
               +--------+--------+--------+--------+--------+-----+--------+
         Total |  11905 |  11557 |    348 |   5113 |   5040 |  11 | 1082.3 |
       Dungeon |  11638 |  11348 |    290 |   5113 |   4871 |   9 | 1293.1 |
        Temple |    235 |    178 |     57 |      0 |    169 |   1 |  235.0 |
        Bailey |     32 |     32 |      0 |      0 |      0 |   1 |   32.0 |
               +--------+--------+--------+--------+--------+-----+--------+

Top non-repeatable levels by time:
     D:7: 2519 daAuts
     D:4: 1767 daAuts
     D:8: 1550 daAuts
     D:1: 1491 daAuts
     D:2: 1422 daAuts
     D:5: 1066 daAuts
     D:3: 937 daAuts
     D:6: 771 daAuts
  Temple: 235 daAuts
     D:9: 111 daAuts
  Bailey: 32 daAuts
